 Dungeon Crawl Stone Soup version 0.29-a0-819-g94b489e0ae (webtiles) character file.

Game seed: 5941492435640590799

503 diecastcamel the Magician (level 7, -1/51 HPs)
             Began as a Gnoll Hedge Wizard on July 6, 2022.
             Slain by Edmund
             ... wielding a +2 flail of protection
              (11 damage)
             ... on level 5 of the Dungeon on July 7, 2022.
             The game lasted 00:25:57 (5379 turns).

diecastcamel the Magician (Gnoll Hedge Wizard)      Turns: 5379, Time: 00:25:58

Health: -1/51      AC: 14    Str:  7    XL:     7   Next: 17%
Magic:  12/18      EV: 13    Int: 20    God:
Gold:   68         SH:  0    Dex: 12    Spells: 7/21 levels left

rFire   . . .      SeeInvis .   A - +4 falchion "Mafek" {vorpal, rN+ Str-2 Int+5}
rCold   . . .      Faith    .   (no shield)
rNeg    + . .      Spirit   .   c - +0 troll leather armour {Pargi}
rPois   +          Reflect  .   e - +2 helmet
rElec   .          Harm     .   s - +0 cloak {rPois}
rCorr   .          Rampage  .   (no gloves)
Will    .....                   h - +1 pair of boots
Stlth   ++........              k - amulet of regeneration
HPRegen 1.77/turn               j - +4 ring of protection
MPRegen 0.16/turn               (no ring)

@: no status effects
A: fangs 1, strong nose, distributed training
a: no special abilities


You were on level 5 of the Dungeon.
You visited 1 branch of the dungeon, and saw 5 of its levels.

You collected 324 gold pieces.
You spent 256 gold pieces at shops.

Inventory:

Hand Weapons
 A - the +4 falchion "Mafek" (weapon) {vorpal, rN+ Str-2 Int+5}
   (You bought it in a shop on level 1 of the Dungeon)

   It inflicts extra damage upon your enemies.
   Str:       It affects your strength (-2).
   Int:       It affects your intelligence (+5).
   rN:        It protects you from negative energy.
Missiles
 f - 64 stones
Armour
 b - a +0 robe
 c - a +0 troll leather armour (worn) {Pargi}
 e - a +2 helmet (worn)
 h - a +1 pair of boots (worn)
 s - a +0 cloak of poison resistance (worn)
Jewellery
 j - a +4 ring of protection (left hand)
 k - an amulet of regeneration (around neck)
Wands
 t - a wand of mindburst (7)
Scrolls
 g - a scroll of blinking {unknown}
 i - 3 scrolls of amnesia
 n - a scroll of enchant weapon
 o - a scroll of silence
 p - a scroll of vulnerability
 y - 2 scrolls of poison
 z - a scroll of magic mapping
Potions
 a - 3 potions of mutation
 d - 2 potions of magic
 l - 3 potions of lignification
 m - a potion of cancellation {unknown}
 q - 2 potions of heal wounds {unknown}
 r - 3 potions of curing
 u - 2 potions of resistance {unknown}
 v - a potion of attraction {unknown}
 w - a potion of degeneration {unknown}
 x - a potion of haste {unknown}


   Skills:
 + Level 2.4 Fighting
 + Level 2.4 Short Blades
 + Level 2.4 Long Blades
 + Level 2.4 Axes
 + Level 2.4 Maces & Flails
 + Level 2.4 Polearms
 + Level 2.4 Staves
 + Level 2.4 Ranged Weapons
 + Level 2.4 Throwing
 + Level 2.4 Armour
 + Level 5.2 Dodging
 + Level 4.8 Stealth
 + Level 2.4 Shields
 + Level 2.4 Unarmed Combat
 + Level 7.6 Spellcasting
 + Level 2.9 Conjurations
 + Level 2.0 Hexes
 + Level 2.9 Summonings
 + Level 2.0 Necromancy
 + Level 2.9 Translocations
 + Level 2.0 Transmutations
 + Level 2.0 Fire Magic
 + Level 2.0 Ice Magic
 + Level 2.0 Air Magic
 + Level 2.0 Earth Magic
 + Level 2.0 Poison Magic
 + Level 2.6 Invocations
 + Level 2.4 Evocations


You had 7 spell levels left.
You knew the following spells:

 Your Spells              Type           Power      Damage    Failure   Level
a - Magic Dart            Conj           76%        1d6       3%          1
b - Call Imp              Summ           19%        N/A       6%          2
c - Blink                 Tloc           38%        N/A       6%          2
d - Conjure Flame         Conj/Fire      17%        6-21      14%         3
e - Mephitic Cloud        Conj/Pois/Air  16%        N/A       16%         3
f - Summon Guardian Gole  Hex/Summ       17%        N/A       14%         3

Your spell library contained the following spells:

 Spells                   Type           Power      Damage    Failure   Level
 Slow                     Hex            60%        N/A       6%          1
 Dazzling Flash           Conj/Hex       34%        N/A       14%         3
 Agony                    Necr           15%        N/A       85%         5
 Silence                  Hex/Air        7%         N/A       85%         5
 Orb of Destruction       Conj           9%         9d6       100%        7
 Spellforged Servitor     Conj/Summ      9%         N/A       100%        7


Dungeon Overview and Level Annotations

Branches:
Dungeon (5/15)
 Temple: D:4-7

Altars:

Shops:
D:1 *

Annotations:
D:5 Edmund


Innate Abilities, Weirdness & Mutations

You have very sharp teeth.
Your uncanny sense of smell can sniff out nearby items.
Your experience applies equally to all skills.


Message History

You kill the ice beast!
Your Hexes skill increases to level 2!
Your Necromancy skill increases to level 2!
Your Transmutations skill increases to level 2!
Your Fire Magic skill increases to level 2!
Your Ice Magic skill increases to level 2!
Your Air Magic skill increases to level 2!
Your Earth Magic skill increases to level 2!
Your Poison Magic skill increases to level 2!
You have reached level 7!
Aiming: Magic Dart (safe; 3% risk of failure)
Press: ? - help, Q - select action, (/) - cycle Shift-Dir - straight line, f - orc
Aim: an orc, wielding a +0 hand axe (100% to hit)
The magic dart hits something but does no damage.
Aiming: Magic Dart (safe; 3% risk of failure)
Press: ? - help, Q - select action, (/) - cycle Shift-Dir - straight line, f/p - orc
Aim: an orc, wielding a +0 hand axe (100% to hit)
The magic dart hits something but does no damage.
Aiming: Magic Dart (safe; 3% risk of failure)
Press: ? - help, Q - select action, (/) - cycle Shift-Dir - straight line, f/p - orc
Aim: an orc, wielding a +0 hand axe (100% to hit)
The magic dart hits something.
Something hits you.
Aiming: Magic Dart (safe; 3% risk of failure)
Press: ? - help, Q - select action, (/) - cycle Shift-Dir - straight line, f/p - orc
Aim: an orc, wielding a +0 hand axe (100% to hit)
The magic dart hits something.
Something hits you.
You closely miss the orc. The orc barely misses you. Something hits you. x2
The orc hits you with a +0 hand axe.
You barely miss the orc. Your bite misses the orc. Something hits you!
The orc misses you.
You hit the orc.
The orc is almost dead.
The orc hits you but does no damage. Something hits you!
* * * LOW HITPOINT WARNING * * *
You hit the orc.
You kill the orc!
Something hits you!
You die...

∆ #.# #.####
#.##.##
####.#.@.####
......).....+
####.#...####
#####)##.##
#.[.......#
#.###.###.#
#.# #)# #.#
#.# #.# #§#


There were no monsters in sight!

Vanquished Creatures
  An ice beast (D:5)
  An orc wizard (D:5)
  5 adders
  2 worms
  2 dart slugs (D:1)
  7 orcs
  3 endoplasms (D:2)
  A giant cockroach (D:1)
  7 goblins
  8 hobgoblins
  7 jackals
  8 kobolds
  4 quokkas
  6 ball pythons
  8 bats
  2 frilled lizards
  2 rats
74 creatures vanquished.

Vanquished Creatures (collateral kills)
  Pargi (D:4)
  A scorpion (D:4)
  A hound (D:4)
  A worm (D:2)
  2 dart slugs
  A jackal (D:2)
  A kobold (D:2)
  2 rats (D:2)
10 creatures vanquished.

Vanquished Creatures (others)
  2 orc priests (D:5)
2 creatures vanquished.

Grand Total: 86 creatures vanquished

Notes
Turn   | Place    | Note
-------+----------+-------------------------------------------
     0 | D:1      | diecastcamel the Gnoll Hedge Wizard began the quest for the
                  | Orb.
     0 | D:1      | Reached XP level 1. HP: 13/13 MP: 8/8
   145 | D:1      | Reached XP level 2. HP: 15/19 MP: 1/10
   427 | D:1      | Found Toesin's Assorted Antiques.
   590 | D:1      | Learned a level 2 spell: Call Imp
   593 | D:1      | Learned a level 2 spell: Blink
   645 | D:1      | Reached XP level 3. HP: 25/25 MP: 8/11
  1001 | D:2      | Reached skill level 1 in Invocations
  1591 | D:2      | Reached skill level 1 in Fighting
  1591 | D:2      | Reached skill level 1 in Short Blades
  1591 | D:2      | Reached skill level 1 in Long Blades
  1591 | D:2      | Reached skill level 1 in Axes
  1591 | D:2      | Reached skill level 1 in Maces & Flails
  1591 | D:2      | Reached skill level 1 in Polearms
  1591 | D:2      | Reached skill level 1 in Staves
  1591 | D:2      | Reached skill level 1 in Ranged Weapons
  1591 | D:2      | Reached skill level 1 in Throwing
  1591 | D:2      | Reached skill level 1 in Armour
  1591 | D:2      | Reached skill level 1 in Shields
  1591 | D:2      | Reached skill level 1 in Unarmed Combat
  1591 | D:2      | Reached skill level 1 in Evocations
  1829 | D:2      | Learned a level 3 spell: Conjure Flame
  1833 | D:2      | Learned a level 3 spell: Mephitic Cloud
  2000 | D:2      | Reached XP level 4. HP: 32/32 MP: 2/13
  2374 | D:2      | Reached skill level 1 in Hexes
  2374 | D:2      | Reached skill level 1 in Necromancy
  2374 | D:2      | Reached skill level 1 in Transmutations
  2374 | D:2      | Reached skill level 1 in Fire Magic
  2374 | D:2      | Reached skill level 1 in Ice Magic
  2374 | D:2      | Reached skill level 1 in Air Magic
  2374 | D:2      | Reached skill level 1 in Earth Magic
  2374 | D:2      | Reached skill level 1 in Poison Magic
  3585 | D:3      | Reached XP level 5. HP: 37/37 MP: 12/14
  3835 | D:1      | Bought an iridescent falchion for 256 gold pieces
  3835 | D:1      | Identified the +4 falchion "Mafek" {vorpal, rN+ Str-2
                  | Int+5} (You bought it in a shop on level 1 of the Dungeon)
  4305 | D:4      | Noticed Pargi
  4315 | D:4      | Killed Pargi
  4316 | D:4      | Reached XP level 6. HP: 44/44 MP: 10/16
  4682 | D:4      | Reached skill level 5 in Dodging
  5313 | D:5      | Entered Level 5 of the Dungeon
  5318 | D:5      | Learned a level 3 spell: Summon Guardian Golem
  5348 | D:5      | Noticed Edmund
  5356 | D:5      | Noticed an ice beast
  5371 | D:5      | Killed an ice beast
  5372 | D:5      | Reached XP level 7. HP: 38/51 MP: 14/18
  5379 | D:5      | Slain by Edmund

Illustrated notes

Levels and vault maps discovered:
D:1:      spicycebolla_arrival_ecumenical, layout_rooms, serial_shops,
          nicolae_shop_hallway_stairs, minmay_misc_feat_plants
D:2:      kennysheep_six_static_rooms, layout_basic, st_stairs_7, minmay_vboxes
D:3:      layout_basic, chequers_serial_rivers_large_a
D:4:      layout_layer_cave, chequers_serial_rivers_large_b,
          grunt_ministairs_13, minmay_misc_feat_x, uniq_pargi
D:5:      layout_loops_corners, minmay_small_thing, uniq_grinder, uniq_edmund

Skill      XL: |  1  2  3  4  5  6 |
---------------+-------------------+-----
Conjurations   | 2 |  2.9
Summonings     | 2 |  2.9
Translocations | 2 |  2.9
Invocations    | 1 2 |  2.6
Fighting       | 1 2 |  2.4
Short Blades   | 1 2 |  2.4
Long Blades    | 1 2 |  2.4
Axes           | 1 2 |  2.4
Maces & Flails | 1 2 |  2.4
Polearms       | 1 2 |  2.4
Staves         | 1 2 |  2.4
Ranged Weapons | 1 2 |  2.4
Throwing       | 1 2 |  2.4
Armour         | 1 2 |  2.4
Shields        | 1 2 |  2.4
Unarmed Combat | 1 2 |  2.4
Evocations     | 1 2 |  2.4
Hexes          | 1 2 |  2.0
Necromancy     | 1 2 |  2.0
Transmutations | 1 2 |  2.0
Fire Magic     | 1 2 |  2.0
Ice Magic      | 1 2 |  2.0
Air Magic      | 1 2 |  2.0
Earth Magic    | 1 2 |  2.0
Poison Magic   | 1 2 |  2.0
Dodging        | 5 |  5.2
Stealth        | |  4.8
Spellcasting   | |  7.6

Action                   |  1- 3 |  4- 6 |  7- 9 || total
-------------------------+-------+-------+-------++-------
Melee: Short sword       |    20 |    34 |       ||    54
       Bite              |     4 |     1 |       ||     5
       Punch             |     1 |     2 |       ||     3
       Falchion          |       |    11 |     4 ||    15
 Cast: Magic Dart        |    96 |    94 |     4 ||   194
       Call Imp          |     7 |    11 |       ||    18
       Conjure Flame     |       |     2 |       ||     2
       Summon Guardian G |       |     1 |       ||     1
Evoke: Wand              |       |     1 |       ||     1
  Use: Scroll            |     3 |     8 |       ||    11
 Stab: Sleeping          |       |     1 |       ||     1
       Distracted        |       |     1 |       ||     1
Armor: Robe              |    15 |    22 |       ||    37
       Troll leather arm |       |     3 |     1 ||     4
Dodge: Dodged            |    30 |    34 |     2 ||    66

Table legend: (Time is in decaauts)
 A = Elapsed time spent in this place.
 B = Non-inter-level travel time spent in this place.
 C = Inter-level travel time spent in this place.
 D = Time resting spent in this place.
 E = Time spent auto-exploring this place.
 F = Levels seen in this place.
 G = Mean time per level.
                   A        B        C        D        E       F      G
               +--------+--------+--------+--------+--------+-----+--------+
         Total |   5432 |   4987 |    445 |    609 |   3176 |   5 | 1086.4 |
       Dungeon |   5432 |   4987 |    445 |    609 |   3176 |   5 | 1086.4 |
               +--------+--------+--------+--------+--------+-----+--------+

Top non-repeatable levels by time:
     D:2: 1707 daAuts
     D:4: 1447 daAuts
     D:3: 1212 daAuts
     D:1: 996 daAuts
     D:5: 68 daAuts
